AoeStats
← MisterKyu

African Clearing

505691204Analyzed
3v3 RM · 21d ago on Sep 10, 2026· 46m 50s· 6 players
Game mode
Random Map
Map size
Normal (6 player)
Population
200
Speed
Normal
Resources
Standard
Victory
Conquest
Starting age
Dark Age
Ending age
Imperial Age
RankedLock teamsTeams togetherTeam positionsShared explorationLock speedFull tech treeHidden civsTurbo modeCheats
Victory
Defeat
🇫🇷 Turks · France
1078
+9
🇫🇷 Celts · France
1065
+10
🇫🇷 Magyars · France
914
+16
🇭🇺 Saracens · Hungary
919
-12
🇵🇱 Koreans · Poland
919
-12
🇨🇳 Britons · China
911
-11
Joe
6:04 Loom
13:32 Feudal Age
18:09 Castle Age
17:51 Double-Bit Axe
19:07 Crossbowman
20:14 Bow Saw
27:59 Wheelbarrow
27:20 Fishing Lines
33:13 Scale Barding Armor
33:19 Forging
34:04 Horse Collar
34:40 Elite Skirmisher
36:40 Heavy Plow
37:35 Chain Barding Armor
37:51 Iron Casting
38:43 Gillnets
39:33 Hand Cart
43:32 Imperial Age
41:54 Husbandry
42:04 Bloodlines
43:46 Elite Mameluke
PiotrekEs
11:11 Loom
13:50 Feudal Age
14:16 Double-Bit Axe
17:17 Wheelbarrow
21:44 Castle Age
23:18 Bow Saw
22:52 Horse Collar
29:51 Scale Mail Armor
30:01 Forging
29:42 Fletching
30:19 Crossbowman
31:04 Thumb Ring
31:25 Ballistics
30:47 Treadmill Crane
31:33 Scale Barding Armor
33:31 Hand Cart
34:02 Elite Skirmisher
40:09 Imperial Age
37:56 Bodkin Arrow
39:06 Masonry
39:18 Eupseong
41:15 Conscription
41:05 Squires
41:23 Heavy Plow
42:27 Two-Man Saw
42:52 Iron Casting
42:32 Chain Mail Armor
42:11 Gold Mining
43:17 Architecture
42:53 Siege Engineers
42:43 Murder Holes
44:12 Elite Fire Lancer
44:38 Arson
Leo
16:17 Feudal Age
25:56 Castle Age
38:08 Ballistics
38:34 Fletching
38:44 Padded Archer Armor
42:53 Gold Mining
42:56 Stone Mining
45:59 Imperial Age
43:51 Bodkin Arrow
44:12 Leather Archer Armor
44:09 Fortified Wall
MisterKyu
6:43 Loom
14:35 Feudal Age
16:17 Horse Collar
24:22 Wheelbarrow
23:34 Double-Bit Axe
24:02 Bloodlines
28:25 Castle Age
26:19 Fletching
26:38 Padded Archer Armor
27:50 Scale Barding Armor
27:56 Forging
28:44 Gold Mining
28:45 Stone Mining
29:08 Bodkin Arrow
29:29 Leather Archer Armor
30:25 Chain Barding Armor
34:12 Ballistics
36:20 Husbandry
37:27 Sipahi
38:26 Thumb Ring
43:20 Imperial Age
42:04 Bow Saw
42:35 Hand Cart
42:13 Town Watch
43:25 Heavy Plow
43:47 Heavy Cavalry Archer
46:41 Two-Man Saw
45:52 Masonry
45:44 Bracer
46:19 Plate Barding Armor
47:06 Parthian Tactics
47:42 Architecture
47:53 Iron Casting
47:55 Ring Archer Armor
SkyDream2777
8:59 Loom
13:47 Feudal Age
15:54 Double-Bit Axe
18:38 Castle Age
16:41 Stone Mining
17:14 Gold Mining
17:46 Horse Collar
19:53 Wheelbarrow
19:45 Bow Saw
23:51 Arson
24:19 Forging
24:31 Heavy Plow
27:39 Scale Mail Armor
30:47 Chain Mail Armor
31:19 Hand Cart
33:18 Iron Casting
40:09 Imperial Age
38:28 Gold Shaft Mining
40:14 Capped Ram
40:22 Elite Woad Raider
42:09 Blast Furnace
41:59 Plate Mail Armor
41:00 Siege Ram
43:18 Onager
45:32 Chemistry
Bol renversé Especial
4:48 Loom
13:12 Feudal Age
20:15 Wheelbarrow
23:00 Castle Age
21:30 Scale Barding Armor
22:24 Bloodlines
22:55 Gold Mining
23:00 Stone Mining
22:58 Double-Bit Axe
27:58 Horse Collar
30:58 Heavy Plow
31:14 Bow Saw
31:11 Husbandry
30:32 Light Cavalry
31:39 Chain Barding Armor
31:52 Gold Mining
33:08 Hand Cart
35:07 Gold Shaft Mining
40:40 Imperial Age
42:54 Masonry
42:24 Treadmill Crane
42:47 Caravan
43:40 Conscription
43:24 Corvinian Army
44:59 Two-Man Saw
44:03 Cavalier
44:33 Elite Magyar Huszar
Connection lost

Rejoining the realm…

Still unreachable

The connection could not be restored.

Session expired

The server has moved on; the page needs a fresh start.